 Dungeon Crawl Stone Soup version 0.29-a0-380-gf50f0a9fbc (webtiles) character file.

Game seed: 8240288732317727707

2 Antichthon the Skirmisher (level 1, 0/18 HPs)
             Began as a Formicid Abyssal Knight on May 5, 2022.
             Was a Believer of Lugonu.
             Slain by a kobold
             ... wielding a +0 whip
              (5 damage)
             ... on level 1 of the Dungeon.
             The game lasted 00:00:14 (93 turns).

Antichthon the Skirmisher (Formicid Abyssal Knight)   Turns: 93, Time: 00:00:15

Health: 0/18       AC:  3    Str: 17    XL:     1   Next: 44%
Magic:  2/2        EV: 11    Int:  9    God:    Lugonu [**....]
Gold:   4          SH:  0    Dex: 11    Spells: 0/0 levels left

rFire   . . .      SeeInvis +   a - +1 falchion
rCold   . . .      Faith    .   (no shield)
rNeg    . . .      Spirit   .   b - +0 leather armour
rPois   .          Reflect  .   (helmet unavailable)
rElec   .          Harm     .   (no cloak)
rCorr   .          Rampage  .   (no gloves)
Will    .....                   (no boots)
Stlth   +.........              (no amulet)
HPRegen 0.06/turn               (no ring)
MPRegen 0.08/turn               (no ring)

@: no status effects
A: permanent stasis, dig shafts and tunnels, antennae 3, four strong arms
a: Dig, Shaft Self, Renounce Religion, Depart the Abyss, Bend Space


You were on level 1 of the Dungeon.
You worshipped Lugonu.
Lugonu was pleased with you.
You visited 1 branch of the dungeon, and saw 1 of its levels.
You visited the Abyss 1 time.

You collected 4 gold pieces.

Inventory:

Hand Weapons
 a - a +1 falchion (weapon)
Armour
 b - a +0 leather armour (worn)
Scrolls
 c - a scroll of blinking {unknown}


   Skills:
 - Level 3.2 Fighting
 - Level 2.0 Long Blades
 * Level 0.8 Crossbows
 - Level 2.1 Armour
 - Level 0.8 Dodging
 - Level 2.1 Invocations


You couldn't memorise any spells.
You didn't know any spells.
Your spell library was empty.

Dungeon Overview and Level Annotations

Branches:
Dungeon (1/15)

Altars:


Innate Abilities, Weirdness & Mutations

You cannot be hasted, slowed, berserked, paralysed or teleported.
You can dig through walls and to a lower floor.
You have a pair of large antennae on your head. (SInv)
Your four strong arms can wield two-handed weapons with a shield.


Message History

c - a scroll labelled FYAKOZ IH XOIPN You sense a monster nearby.
You sense a monster nearby.
A kobold comes into view. It is wielding a +0 whip.
Found a scroll labelled LEAPUGG WENG.
The kobold shouts!
A quokka comes into view.
The quokka attacks as you move away! The quokka barely misses you.
You closely miss the quokka. The quokka bites you.
You closely miss the quokka. The quokka bites you. x2
You closely miss the quokka. The quokka bites you.
You hit the quokka.
The quokka is almost dead.
The quokka bites you.
You miss the quokka.
The quokka is almost dead.
The quokka barely misses you. x2
You barely miss the quokka.
The quokka is almost dead.
The quokka barely misses you.
You barely miss the quokka.
The quokka is almost dead.
The quokka bites you but does no damage.
The quokka bites you.
* * * LOW HITPOINT WARNING * * *
You slash the quokka!
You kill the quokka!
Lugonu accepts your kill. The kobold closely misses you.
You closely miss the kobold. The kobold closely misses you.
You hit the kobold.
The kobold is heavily wounded.
The kobold hits you but does no damage.
You hit the kobold but do no damage.
The kobold is moderately wounded.
The kobold hits you but does no damage.
You barely miss the kobold.
The kobold is moderately wounded.
The kobold hits you with a +0 whip.
You die...

#.# ....?......
#.# ..........#
#.# .......... #.#
...K..... ## #.#
#......# .#####.#
#.# .......# #.#
######.#########K#
#..........@#
############# {


You could see a kobold.

Vanquished Creatures
  A kobold (D:1)
  A quokka (D:1)
2 creatures vanquished.

Notes
Turn   | Place    | Note
-------+----------+-------------------------------------------
     0 | Abyss:1  | Antichthon the Formicid Abyssal Knight began the quest for
                  | the Orb.
     0 | Abyss:1  | Reached XP level 1. HP: 18/18 MP: 2/2
    13 | D:1      | Escaped the Abyss
    93 | D:1      | Slain by a kobold

Illustrated notes

Levels and vault maps discovered:
D:1:      onia_arrival_mini_maze, layout_basic

Action                   || total
-------------------------++-------
Melee: Falchion          ||    14
Armor: Leather armour    ||     3
Dodge: Dodged            ||     7

Table legend: (Time is in decaauts)
 A = Elapsed time spent in this place.
 B = Non-inter-level travel time spent in this place.
 C = Inter-level travel time spent in this place.
 D = Time resting spent in this place.
 E = Time spent auto-exploring this place.
 F = Levels seen in this place.
 G = Mean time per level.
                   A        B        C        D        E       F      G
               +--------+--------+--------+--------+--------+-----+--------+
         Total |     95 |     95 |      0 |      0 |     58 |   2 |   47.5 |
       Dungeon |     82 |     82 |      0 |      0 |     53 |   1 |   82.0 |
         Abyss |     13 |     13 |      0 |      0 |      5 |   1 |   13.0 |
               +--------+--------+--------+--------+--------+-----+--------+

Top non-repeatable levels by time:
     D:1: 82 daAuts
 Abyss:1: 13 daAuts
